 Dungeon Crawl Stone Soup version 0.21-a0-426-g98080a9 (webtiles) character file.

202547 kae the Minotaur Blade (level 17, -19/156 (158) HPs)
             Began as a Minotaur Fighter on Nov 6, 2017.
             Was a High Priest of Okawaru.
             Demolished by a satyr
             ... wielding a +0 spear of venom
              (40 damage)
             ... on level 4 of the Shoals.
             The game lasted 00:54:09 (38536 turns).

kae the Minotaur Blade (Minotaur Fighter)          Turns: 38536, Time: 00:54:10

HP:   -19/156 (158) AC: 32    Str: 35    XL:     17   Next: 95%
MP:   0/25          EV: 19    Int:  9    God:    Okawaru [*****.]
Gold: 2237          SH:  0    Dex: 15    Spells: 16/16 levels left

rFire    . . .     SeeInvis +   y - +1 double sword "Jailap" {slice, Dex+4}
rCold    + . .     Gourm    .   O - +0 buckler
rNeg     + + .     Faith    .   Y - +5 plate armour {rPois}
rPois    +         Spirit   +   L - +1 hat
rElec    .         Reflect  .   G - scarf "Puickupn" {*Contam +Inv rN++ SInv}
rCorr    .         Harm     .   s - +0 pair of gloves
MR       +....                  z - +0 pair of boots of the Hart {rC+ Str+5 Int+2}
Stlth    ..........             w - amulet of guardian spirit
HPRegen  0.36/turn              E - +5 ring of strength
MPRegen  0.19/turn              P - +3 ring of protection

@: lethally poisoned (-19 -> -21), sleeping, afraid, heroism, mesmerised,
glowing, very slow
A: retaliatory headbutt, horns 2
}: 1/15 runes: gossamer
a: Heroism, Finesse, Renounce Religion, Evoke Invisibility


You were on level 4 of the Shoals.
You worshipped Okawaru.
Okawaru was extremely pleased with you.
You were not hungry.

You visited 6 branches of the dungeon, and saw 32 of its levels.
You visited 1 bazaar.
You also visited: Labyrinth, Ossuary and Ice Cave.

You collected 2859 gold pieces.
You spent 622 gold pieces at shops.

Inventory:

Hand Weapons
 a - a +5 long sword of protection
 y - the +1 double sword "Jailap" (weapon) {slice, Dex+4}
   (Okawaru gifted it to you on level 3 of the Spider Nest)

   It inflicts extra damage upon your enemies.
   It affects your dexterity (+4).
 A - a +5 great sword of freezing
 J - the +7 long sword "Beetleslayer" {elec, rElec MR+ Dex+2}
   (Okawaru gifted it to you on level 14 of the Dungeon)

   Occasionally, upon striking a foe, it will discharge some electrical energy
   and cause terrible harm.
   It affects your dexterity (+2).
   It insulates you from electricity.
   It affects your resistance to hostile enchantments.
Missiles
 j - 6 throwing nets (quivered)
Armour
 s - a +0 pair of gloves (worn)
 z - the +0 pair of boots of the Hart (worn) {rC+ Str+5 Int+2}
   (Okawaru gifted it to you on level 3 of the Shoals)

   It affects your strength (+5).
   It affects your intelligence (+2).
   It protects you from cold.
 G - the scarf "Puickupn" (worn) {*Contam +Inv rN++ SInv}
   (Okawaru gifted it to you on level 15 of the Dungeon)

   It greatly protects you from negative energy.
   It lets you see invisible.
   It lets you turn invisible.
   It causes magical contamination when unequipped.
 L - a +1 hat (worn)
 O - a +0 buckler (worn)
 T - a +2 cloak of magic resistance
 Y - a +5 plate armour of poison resistance (worn)
Jewellery
 b - a +3 ring of protection
 h - a +3 amulet of reflection
 r - an uncursed ring of magical power
 u - an uncursed ring of protection from cold
 w - an amulet of guardian spirit (around neck)
 E - a +5 ring of strength (left hand)
 P - a +3 ring of protection (right hand)
Wands
 d - a wand of flame (12/48)
 i - a wand of paralysis (3/24)
 I - a wand of paralysis (13/24)
 M - a wand of iceblast (6/15)
 N - a wand of acid (11/15)
 X - a wand of polymorph (8/24)
Scrolls
 e - 4 scrolls of fog
 m - 12 scrolls of identify
 o - 7 scrolls of recharging
 p - 10 scrolls of teleportation
 q - 21 scrolls of remove curse
 D - a scroll of holy word
 H - a scroll of enchant weapon
 R - a scroll of blinking
 V - 6 scrolls of silence
 W - a scroll of magic mapping
Potions
 k - a potion of agility
 l - 2 potions of haste
 v - 6 potions of lignification
 x - 4 potions of heal wounds
 C - 2 potions of invisibility
 F - 4 potions of ambrosia
 K - 4 potions of resistance
 Q - 8 potions of flight
 U - 3 potions of mutation
 Z - 8 potions of curing
Books
 n - a book of Callings

   Spells                             Type                      Level
   a - Summon Small Mammal            Summoning                    1
   b - Call Imp                       Summoning                    2
   c - Call Canine Familiar           Summoning                    3
   d - Summon Guardian Golem          Hexes/Summoning              3
   e - Summon Lightning Spire         Summoning/Air                4
   f - Summon Ice Beast               Ice/Summoning                4
Comestibles
 c - 13 fruits
 f - 21 bread rations
 g - 11 meat rations
 t - a royal jelly
 S - 4 chunks of flesh


   Skills:
 + Level 16.0(21.0) Fighting
 * Level 21.1(26.1) Long Blades
 + Level 16.0(21.0) Armour
 + Level 10.8(15.8) Dodging
 + Level 13.1(18.1) Shields
 + Level 12.7 Invocations


You had 16 spell levels left.
You didn't know any spells.

Dungeon Overview and Level Annotations

Branches:
Dungeon (15/15)            Temple (1/1) D:6            Lair (6/6) D:10
 Shoals (4/4) Lair:3       Spider (4/4) Lair:4        Slime (0/5) Lair:5
    Orc (2/2) D:9             Elf (0/3) Orc:2        Vaults (0/5) D:14
 Depths (0/5) D:15

Altars:
Ashenzari
Cheibriados
Dithmenos
Elyvilon
Fedhas
Gozag
Hepliaklqana
Kikubaaqudgha
Makhleb
Nemelex Xobeh
Okawaru
Qazlal
Ru
Sif Muna
Trog
Uskayaw
Vehumet
Wu Jian
Xom
Yredelemnul
Zin
The Shining One
Beogh
Jiyva

Shops:
D:7 *   D:15 [   Orc:1 ?   Orc:2 ?:[[}   Shoals:1 :   Shoals:4 :

Annotations:
Lair:5 exclusion: oklob plant
Shoals:3 2 transporters


Innate Abilities, Weirdness & Mutations

You reflexively headbutt those who attack you in melee.
You have a pair of horns on your head.


Message History

The merfolk impaler shouts!
Your headbutt misses the merfolk avatar.
The merfolk avatar is severely wounded.
The harpy misses you. You furiously retaliate!
You headbutt the harpy. The harpy claws you.
* * * LOW HITPOINT WARNING * * *
The merfolk javelineer hits you but does no damage.
You are more poisoned.
The merfolk javelineer hits you but does no damage.
The satyr plays a lulling melody on his pipes!
You fall asleep.
The faun unwields an uncursed hunting sling.
The faun wields an uncursed quarterstaff.
The faun splashes around in the water.
You feel sick. The harpy closely misses you. The harpy completely misses you.
The harpy barely misses you. The harpy closely misses you.
The merfolk avatar chants its luring song.
The merfolk javelineer misses you.
The satyr hits you with an uncursed spear of venom!!!
You die...

......≈..(..≈≈≈≈≈≈.....
..........(..≈≈≈≈≈..§..
..............≈≈(≈≈....
#.........()≈≈≈≈≈≈≈..
#....((((.(((≈≈≈≈≈≈c.
#..P≈...[((.(<)≈≈≈(≈≈≈
..cPP≈.((∩(..[((≈(≈≈≈≈≈
...P≈≈≈...mcc(≈(≈≈(≈≈8≈
|...≈≈≈≈≈≈≈(@mm≈≈≈≈≈≈≈≈
c..##≈≈≈≈≈≈≈(Hm≈≈≈(≈≈≈≈
...PP≈≈≈≈≈≈≈≈≈(≈≈≈≈(≈≈≈
.P PP≈≈≈≈≈≈≈≈≈≈≈≈[≈≈≈≈≈
PP≈≈≈≈≈≈≈........≈≈≈
≈≈≈m≈≈≈≈........≈≈≈
≈≈≈≈≈≈≈.........
≈≈≈≈≈≈≈......<.


You could see a merfolk avatar, a merfolk impaler, 3 merfolk javelineers, a
satyr, a faun and a harpy.

Vanquished Creatures
  Bai Suzhen (Spider:3)
  Nikola (Spider:3)
  Arachne (Spider:2)
  Jorgrun (Shoals:3)
  A kraken (Shoals:1)
  Polyphemus (Shoals:2)
  Agnes (Spider:1)
  The ghost of alkexr the Fencer, an adept MiFi of Okawaru (Shoals:2)
  Kirke (Spider:3)
  Ilsuiw (Shoals:3)
  Donald (Shoals:2)
  4 ghost moths (Spider:4)
  A frost giant (IceCv)
  5 emperor scorpions (Spider:4)
  2 orc warlords
  A dire elephant (Lair:6)
  3 spark wasps
  4 merfolk javelineers
  A merfolk impaler (Shoals:1)
  A fire dragon (D:14)
  A minotaur (Lab)
  7 hydras
  A vault guard (D:14)
  Fannar (Orc:1)
  A merfolk avatar (Shoals:3)
  Erolcha (Orc:2)
  4 merfolk aquamancers
  4 catoblepae
  3 satyrs
  2 centaur warriors (D:14)
  A deep troll shaman (Lair:6)
  7 two-headed ogres
  8 death yaks
  An ogre mage (D:15)
  Nergalle (D:10)
  2 unseen horrors
  A death drake (shapeshifter) (D:15)
  A glowing orange brain (D:15)
  7 sea snakes
  The ghost of Zooty the Bolt Thrower, a novice DDAM (D:8)
  4 harpies (Shoals:2)
  3 orc knights (Orc:1)
  14 orb spiders
  11 orc sorcerers
  22 wolf spiders
  3 deep elf magi
  A wolf spider zombie (D:14)
  16 fauns
  16 ugly things
  8 manticores
  A cyclops (D:14)
  An oklob plant (Lair:4)
  Maurice (D:10)
  2 water nymphs
  7 elephants
  A moth of wrath (Spider:1)
  2 torpor snails
  3 black mambas
  An ice statue (IceCv)
  8 merfolk sirens
  10 spiny frogs
  3 rime drakes (Lair:6)
  9 komodo dragons
  A yaktaur (shapeshifter) (D:15)
  3 meliai (D:13)
  14 demonic crawlers
  9 trolls
  8 wind drakes
  7 hornets
  20 polar bears
  23 jumping spiders
  15 merfolk
  A tyrant leech (shapeshifter) (D:15)
  A blink frog (shapeshifter) (D:15)
  22 blink frogs
  7 snapping turtles
  9 hippogriffs
  Sigmund (D:3)
  11 dream sheep
  7 slime creatures
  19 redbacks
  2 wraiths (D:14)
  8 water elementals
  11 tarantellas
  4 wyverns
  41 yaks
  2 shadows
  A spriggan (D:8)
  2 basilisks
  6 hogs (Spider:3)
  A steam dragon (D:8)
  2 hungry ghosts
  6 vampire mosquitoes
  A warg (shapeshifter) (D:14)
  Menkaure (D:5)
  3 wargs
  8 soldier ants
  8 water moccasins
  26 orc warriors
  5 porcupines
  An eye of draining (shapeshifter) (D:14)
  A sky beast (shapeshifter) (D:15)
  A hornet zombie (D:13)
  3 ice beasts
  5 sky beasts
  2 black bears (D:9)
  2 necrophages
  3 phantoms
  14 wolves
  22 ogres
  11 centaurs
  18 crocodiles
  4 big kobolds
  20 bullfrogs
  A water moccasin skeleton (D:7)
  A wyvern skeleton (D:13)
  6 scorpions
  31 killer bees
  4 howler monkeys
  5 electric eels
  6 crimson imps
  5 jellies
  5 centaur zombies
  5 hounds
  3 quasits
  2 human zombies (Ossuary)
  12 orc priests
  A bullfrog skeleton (D:13)
  42 orc wizards
  7 centaur skeletons
  5 iguanas
  15 worker ants
  A human skeleton (D:4)
  2 hell rats (Lair:3)
  A big kobold zombie (Ossuary)
  A hound zombie (D:7)
  3 hound skeletons
  2 mummies (Ossuary)
  6 gnolls
  18 adders
  11 river rats (Lair:3)
  3 shadow imps
  12 white imps (D:11)
  An adder zombie (D:8)
  3 dart slugs
  5 leopard geckos
  112 orcs
  3 giant cockroaches
  4 goblins
  7 hobgoblins
  11 jackals
  6 quokkas
  2 bats (D:2)
  7 frilled lizards
  15 hobgoblin zombies (Ossuary)
  4 jackal zombies (Ossuary)
  29 kobolds
  6 kobold zombies (Ossuary)
  A leopard gecko skeleton (D:4)
  3 orc skeletons (D:4)
  9 orc zombies
  A quokka zombie (D:6)
  8 rats
  A rat zombie (Ossuary)
  A spectral orc (D:2)
  2 fungi (Lair:5)
  3 plants (Shoals:2)
  4 tentacles (Shoals:1)
1122 creatures vanquished.

Vanquished Creatures (others)
  A faun (Shoals:4)
  A jumping spider (Spider:3)
  3 tarantellas (Spider:3)
  A centaur (Shoals:4)
  2 orcs (Orc:2)
  2 fungi (Lair:5)
  17 plants
  8 tentacles (Shoals:1)
35 creatures vanquished.

Grand Total: 1157 creatures vanquished

Notes
Turn   | Place    | Note
-------+----------+-------------------------------------------
     0 | D:1      | kae the Minotaur Fighter began the quest for the Orb.
     0 | D:1      | Reached XP level 1. HP: 19/19 MP: 0/0
   182 | D:1      | Reached XP level 2. HP: 27/27 MP: 1/1
   210 | D:1      | Reached skill level 3 in Long Blades
   708 | D:2      | Reached XP level 3. HP: 33/33 MP: 2/2
   844 | D:2      | Reached XP level 4. HP: 39/40 MP: 3/3
   987 | D:2      | Found a basalt altar of Yredelemnul.
  1241 | D:3      | Reached skill level 4 in Long Blades
  1427 | D:3      | Found a snail-covered altar of Cheibriados.
  1445 | D:3      | Noticed Sigmund
  1452 | D:3      | Killed Sigmund
  1452 | D:3      | Reached skill level 5 in Long Blades
  1452 | D:3      | Reached XP level 5. HP: 40/47 MP: 4/4
  1452 | D:3      | Reached XP level 6. HP: 46/55 MP: 5/5
  2061 | D:4      | Reached skill level 5 in Armour
  2061 | D:4      | Reached skill level 5 in Shields
  2157 | D:4      | Reached skill level 5 in Fighting
  2165 | D:4      | Found a sand-covered staircase.
  2175 | Ossuary  | Entered an ossuary
  2573 | Ossuary  | Reached skill level 6 in Long Blades
  2573 | Ossuary  | Reached XP level 7. HP: 47/61 MP: 4/6
  3107 | D:4      | Reached skill level 7 in Long Blades
  3129 | D:4      | Found a sparkling altar of Nemelex Xobeh.
  3253 | D:5      | Entered Level 5 of the Dungeon
  3594 | D:5      | Reached XP level 8. HP: 69/70 MP: 7/7
  3817 | D:5      | Found an ancient bone altar of Kikubaaqudgha.
  3817 | D:5      | Found a sacrificial altar of Ru.
  3886 | D:5      | Found a deep blue altar of Sif Muna.
  3940 | D:5      | Reached skill level 8 in Long Blades
  3942 | D:5      | Noticed Menkaure
  3955 | D:5      | Killed Menkaure
  4926 | D:6      | Reached skill level 9 in Long Blades
  4998 | D:6      | Reached XP level 9. HP: 74/79 MP: 8/8
  5167 | D:6      | Found a staircase to the Ecumenical Temple.
  5263 | Temple   | Entered the Ecumenical Temple
  5467 | Temple   | Became a worshipper of Warmaster Okawaru
  5804 | D:7      | Found Xyurei's General Store.
  5817 | D:7      | Bought a scroll of identify for 28 gold pieces
  5817 | D:7      | Bought a scroll of noise for 14 gold pieces
  5918 | D:7      | Reached skill level 1 in Invocations
  6019 | D:7      | Reached skill level 10 in Long Blades
  6354 | D:7      | Found an opulent altar of Gozag.
  6373 | D:7      | Found a bloodstained altar of Trog.
  6986 | D:8      | Reached * piety under Okawaru
  7115 | D:8      | Noticed Zooty's ghost (novice DDAM)
  7140 | D:8      | Killed Zooty's ghost
  7244 | D:8      | Reached XP level 10. HP: 76/89 MP: 8/11
  7530 | D:8      | Reached skill level 11 in Long Blades
  7621 | D:8      | Reached ** piety under Okawaru
  8282 | D:9      | Found a runed door.
  8286 | D:9      | Found a runed gate.
  8288 | D:9      | Found a runed gate.
  8288 | D:9      | Found a runed gate.
  8296 | D:9      | Found a runed door.
  8307 | D:9      | Found the +9 staff of Olgreb {rPois}
  8452 | D:9      | Found a hide-covered altar of Uskayaw.
  8453 | D:9      | Noticed a hand axe
  8453 | D:9      | Noticed a hand axe
  8816 | D:9      | Reached skill level 12 in Long Blades
  8833 | D:9      | Reached *** piety under Okawaru
  9007 | D:9      | Found a staircase to the Orcish Mines.
  9461 | D:9      | Reached XP level 11. HP: 95/95 MP: 13/13
  9696 | D:10     | Entered Level 10 of the Dungeon
  9712 | D:10     | Reached **** piety under Okawaru
  9726 | D:10     | Noticed Nergalle
  9751 | D:10     | Killed Nergalle
  9901 | D:10     | Noticed Maurice
  9947 | D:10     | Killed Maurice
  9947 | D:10     | Reached skill level 5 in Invocations
 10688 | D:10     | Killed an unseen horror
 10880 | D:10     | Reached skill level 10 in Armour
 10910 | D:10     | Reached skill level 13 in Long Blades
 11211 | D:10     | Reached skill level 10 in Shields
 11222 | D:10     | Found a staircase to the Lair.
 11462 | D:11     | Noticed a six-headed hydra
 11525 | D:11     | Reached skill level 10 in Fighting
 11632 | D:11     | Reached ***** piety under Okawaru
 11963 | D:11     | Found a frozen archway.
 11999 | IceCv    | Entered an ice cave
 12916 | IceCv    | Reached XP level 12. HP: 105/105 MP: 15/15
 12937 | IceCv    | Received a gift from Okawaru
 12975 | IceCv    | Reached skill level 14 in Long Blades
 13150 | IceCv    | Noticed a frost giant
 13162 | IceCv    | Killed a frost giant
 13575 | D:11     | Killed a 17-headed hydra
 14366 | Lair:1   | Entered Level 1 of the Lair of Beasts
 14608 | Lair:1   | Reached skill level 15 in Long Blades
 14629 | Lair:1   | Noticed a five-headed hydra
 14657 | Lair:1   | Killed an 11-headed hydra
 14659 | Lair:1   | Reached ****** piety under Okawaru
 15413 | Lair:2   | Reached XP level 13. HP: 110/115 MP: 17/17
 16082 | Lair:2   | Received a gift from Okawaru
 16099 | Lair:2   | Identified the Collected Works on Contamination and Earth
 16241 | Lair:3   | Found a staircase to the Shoals.
 16463 | Lair:3   | You fall through a shaft!
 16516 | Lair:4   | Found an ornate altar of the Wu Jian Council.
 16640 | Lair:4   | Found a hole to the Spider Nest.
 16769 | Lair:4   | Reached skill level 16 in Long Blades
 16769 | Lair:4   | Reached skill level 1 in Dodging
 18368 | Lair:5   | Found a viscous altar of Jiyva.
 18368 | Lair:5   | Found a staircase to the Slime Pits.
 19676 | Lair:6   | Entered Level 6 of the Lair of Beasts
 19938 | Lair:6   | Reached XP level 14. HP: 99/125 MP: 9/19
 19943 | Lair:6   | Received a gift from Okawaru
 20164 | Lair:6   | Reached skill level 17 in Long Blades
 20166 | Lair:6   | Received a gift from Okawaru
 20406 | Lair:6   | Got a smelly scale mail {god gift}
 20408 | Lair:6   | Identified the +3 scale mail of the Thinker {Dex+3} (Okawaru gifted it to you on level 6 of the Lair of Beasts)
 20510 | Lair:6   | Reached skill level 5 in Dodging
 21354 | D:12     | Found a labyrinth entrance.
 21372 | Lab      | Entered a labyrinth
 21822 | Lab      | Got a transparent ring mail
 22263 | Orc:1    | Entered Level 1 of the Orcish Mines
 22405 | Orc:1    | Reached skill level 10 in Invocations
 22730 | Orc:1    | Noticed an orc warlord
 22771 | Orc:1    | Killed an orc warlord
 22969 | Orc:1    | Found Qaps's Magic Scroll Shoppe.
 22973 | Orc:1    | Bought a scroll of enchant armour for 112 gold pieces
 22973 | Orc:1    | Bought a scroll of magic mapping for 52 gold pieces
 22973 | Orc:1    | Identified the +4 ring mail "Wikhec" {Stlth+} (You took it off a minotaur in a labyrinth)
 23049 | Orc:1    | Noticed Fannar
 23069 | Orc:1    | Killed Fannar
 23379 | Orc:2    | Entered Level 2 of the Orcish Mines
 23433 | Orc:2    | Noticed an orc warlord
 23446 | Orc:2    | Killed an orc warlord
 23446 | Orc:2    | Reached skill level 18 in Long Blades
 23451 | Orc:2    | Paralysed by a chaos spawn for 2 turns
 23656 | Orc:2    | Found Mubiv's Gadget Boutique.
 23794 | Orc:2    | Found a staircase to the Elven Halls.
 24106 | Orc:2    | Found Dihoffyk's Book Shoppe.
 24119 | Orc:2    | Received a gift from Okawaru
 24134 | Orc:2    | Got a faintly humming chain mail {god gift}
 24184 | Orc:2    | Found an ancient bone altar of Kikubaaqudgha.
 24201 | Orc:2    | Paralysed by an orc sorcerer for 5 turns
 24242 | Orc:2    | Reached XP level 15. HP: 103/135 MP: 16/21
 24254 | Orc:2    | Noticed Erolcha
 24256 | Orc:2    | Found a radiant altar of Vehumet.
 24258 | Orc:2    | Killed Erolcha
 24382 | Orc:2    | Found a roughly hewn altar of Beogh.
 24382 | Orc:2    | Found Byiheqeu's Antique Armour Shoppe.
 24417 | Orc:2    | Found Isaoq's Magic Scroll Emporium.
 24424 | Orc:2    | Found Xonurchaxya's Antique Armour Emporium.
 24435 | Orc:2    | Bought a pair of glowing boots for 232 gold pieces
 24446 | Orc:2    | Identified the +6 chain mail of Chimes {Str+2 SInv} (Okawaru gifted it to you on level 2 of the Orcish Mines)
 24457 | Orc:2    | Bought a scroll of enchant weapon for 112 gold pieces
 25836 | D:14     | Found a gate to the Vaults.
 25917 | D:14     | Received a gift from Okawaru
 25920 | D:14     | Got a slimy long sword {god gift}
 25921 | D:14     | Identified the +7 long sword "Beetleslayer" {elec, rElec MR+ Dex+2} (Okawaru gifted it to you on level 14 of the Dungeon)
 26214 | D:15     | Entered Level 15 of the Dungeon
 26838 | D:15     | Found a staircase to the Depths.
 26877 | D:15     | Found Fidi's Armour Shoppe.
 26962 | D:15     | Reached skill level 19 in Long Blades
 27013 | D:15     | Received a gift from Okawaru
 27037 | D:15     | Got an ichor-stained scarf {god gift}
 27048 | D:15     | Identified the scarf "Puickupn" {*Contam +Inv rN++ SInv} (Okawaru gifted it to you on level 15 of the Dungeon)
 27118 | D:15     | Found a glowing silver altar of Zin.
 28212 | Spider:1 | Entered Level 1 of the Spider Nest
 28328 | Spider:1 | Noticed Agnes
 28338 | Spider:1 | Killed Agnes
 28697 | Spider:1 | Reached XP level 16. HP: 131/145 MP: 20/23
 28873 | Spider:2 | Noticed Arachne
 28894 | Spider:2 | Killed Arachne
 29299 | Spider:2 | You fall through a shaft!
 29320 | Spider:3 | Noticed Nikola
 29353 | Spider:3 | Received a gift from Okawaru
 29364 | Spider:3 | Killed Nikola
 29455 | Spider:3 | Noticed Kirke
 29721 | Spider:3 | Noticed Bai Suzhen
 30632 | Spider:3 | Killed Kirke
 30952 | Spider:3 | Killed Bai Suzhen
 30952 | Spider:3 | Received a gift from Okawaru
 30952 | Spider:3 | Reached skill level 15 in Armour
 30956 | Spider:3 | Got a crystal double sword {god gift}
 30959 | Spider:3 | Identified the +1 double sword "Jailap" {slice, Dex+4} (Okawaru gifted it to you on level 3 of the Spider Nest)
 31134 | Spider:4 | Entered Level 4 of the Spider Nest
 31286 | Spider:4 | Reached skill level 15 in Fighting
 31529 | Spider:4 | Reached skill level 20 in Long Blades
 31806 | Spider:3 | Received a gift from Okawaru
 31813 | Spider:3 | Got a fine falchion {god gift}
 31814 | Spider:3 | Identified the +3 falchion of Descent {drain, Int+5} (Okawaru gifted it to you on level 3 of the Spider Nest)
 32839 | Spider:4 | Reached XP level 17. HP: 83/154 MP: 1/25
 33378 | Spider:4 | Got a gossamer rune of Zot
 33411 | Spider:4 | Received a gift from Okawaru
 33550 | Shoals:1 | Entered Level 1 of the Shoals
 33553 | Shoals:1 | Found a flickering gateway to a bazaar.
 33565 | Bazaar   | Entered a bazaar
 33567 | Bazaar   | Found Ynibey's Book Emporium.
 33575 | Bazaar   | Found Tigh's Distillery.
 33616 | Bazaar   | Found Beach's Jewellery Shoppe.
 33624 | Bazaar   | Bought a cursed ring of loudness for 72 gold pieces
 33624 | Bazaar   | Found Axibosil's Magic Scroll Shop.
 33726 | Shoals:1 | Found Nugaedif's Book Shoppe.
 33840 | Shoals:1 | Reached skill level 10 in Dodging
 33933 | Shoals:1 | Noticed a kraken
 33947 | Shoals:1 | Killed a kraken
 34925 | Shoals:2 | Noticed Donald
 34927 | Shoals:2 | Noticed Polyphemus
 34944 | Shoals:2 | Killed Donald
 35514 | Shoals:2 | Noticed alkexr's ghost (adept MiFi)
 35526 | Shoals:2 | Killed Polyphemus
 35540 | Shoals:2 | Killed alkexr's ghost
 36871 | Shoals:3 | Found a transporter.
 36898 | Shoals:3 | Received a gift from Okawaru
 36903 | Shoals:3 | Got a pair of heavily runed boots {god gift}
 36914 | Shoals:3 | Identified the +0 pair of boots of the Hart {rC+ Str+5 Int+2} (Okawaru gifted it to you on level 3 of the Shoals)
 37310 | Shoals:3 | Noticed Ilsuiw
 37341 | Shoals:3 | Killed Ilsuiw
 37341 | Shoals:3 | Reached skill level 21 in Long Blades
 37700 | Shoals:3 | Found a transporter.
 37912 | Shoals:4 | Entered Level 4 of the Shoals
 37912 | Shoals:4 | Found Lileu's Book Boutique.
 38256 | Shoals:4 | Noticed Jorgrun
 38499 | Shoals:3 | Killed Jorgrun
 38536 | Shoals:4 | Demolished by a satyr

Vault maps used:
D:1:      minmay_arrival_five_plusses, minmay_box_of_dots
D:2:      yredelemnul_forgotten_temple_becter, first_bread,
          kennysheep_generic_room_13
D:3:      corner_web_ring, st_stairs_1, cheibriados_altar_1, uniq_sigmund
D:4:      nicolae_ossuary_entry_catacombs, grunt_ministairs_15,
          nemelex_lonely_heart_becter
D:5:      lemuel_crystal_altar, chequers_temple_overflow_statue_of_worship,
          uniq_menkaure
D:6:      lemuel_temple_firewalk_b, supply_closet_lemuel
D:7:      kennysheep_mini_moat, lemuel_crystal_altar, serial_shops, shop
D:8:      the_bakery
D:9:      dancing_weapons_uskayaw, david_orc_4,
          minmay_guarded_unrand_staff_of_olgreb
D:10:     lair_entry_dummy, kennysheep_cross_room, uniq_nergalle, uniq_maurice
D:11:     portal_ice_cave_entry_imps, grunt_decor_fettered
D:12:     lab_entry_generic, minmay_item_behind_shaft, hangedman_decor_points
D:14:     david_vaults_4, minmay_misc_feat_alley
D:15:     gammafunk_enter_depths_forms, serial_shops, nicolae_shop_waterfront,
          zin_angel, chequers_big_river
Temple:   regret_index_temple_generic_petals
Lair:2:   cheibrodos_lair_river_kwai, grunt_megastairs_3
Lair:3:   minmay_shoals_entry_lonely_mermaid, nicolae_quartered_pool_super,
          kennysheep_rathole
Lair:4:   nicolae_spider_entry_orb_guardian, fungi_pond_lemuel,
          lemuel_oklob_altar
Lair:5:   slime_altar_1, st_stairs_13
Lair:6:   grunt_lair_end_beastmaster, st_stairs_3, grunt_megastairs_4
Shoals:1: serial_shops, bzr_in_the_mist, shop
Shoals:2: uniq_donald, uniq_polyphemus
Shoals:3: gammafunk_its_a_trap, uniq_ilsuiw
Shoals:4: shoals_end_grunt_garden, shoal_ilsuiw, serial_shops,
          bzr_entry_customers, shop, shop, shop, nicolae_shop_statue_plus,
          ldierk_geyser, hangedman_shoals_cup_caves, uniq_jorgrun
Spider:1: spider_trap, uniq_agnes
Spider:2: nicolae_spider_cling_halls, uniq_arachne
Spider:3: uniq_nikola, uniq_kirke, uniq_bai_suzhen
Spider:4: guppyfry_spider_rune, spider_trap, hangedman_spider_tarantella_strand
Orc:1:    serial_shops, nicolae_shop_trees, uniq_fannar
Orc:2:    kennysheep_orc_mage_school, serial_shops, shop
Lab:      labyrinth_mini_lab
Bazaar:   bazaar_jpeg_ribbon
Ossuary:  ossuary_tomb_1
IceCv:    ice_cave_small_giant

Skill      XL: |  1  2  3  4  5  6  7  8  9 10 11 12 13 14 15 16 17 |
---------------+----------------------------------------------------+-----
Long Blades    | 3 5 6 7 9 10 12 13 15 16 18 19 20 21 | 21.1
Shields        | 4 5 6 7 8 9 10 11 12 13 | 13.1
Fighting       | 4 5 6 7 8 9 10 11 12 13 14 15 16 | 16.0
Armour         | 4 5 6 7 8 9 10 11 12 13 14 15 16 | 16.0
Invocations    | 2 4 6 7 9 10 11 12 | 12.7
Dodging        | 4 6 8 9 10 | 10.8

Action                   |  1- 3 |  4- 6 |  7- 9 | 10-12 | 13-15 | 16-18 || total
-------------------------+-------+-------+-------+-------+-------+-------++-------
Melee: Long sword        |    82 |   154 |    67 |       |   273 |   185 ||   761
       Headbutt          |    14 |    41 |    93 |   239 |   316 |   299 ||  1002
       Falchion          |       |       |   296 |   813 |       |       ||  1109
       Great sword       |       |       |       |   152 |   918 |       ||  1070
       Punch             |       |       |       |       |     1 |       ||     1
       Double sword      |       |       |       |       |       |   702 ||   702
       Unarmed           |       |       |       |       |       |    10 ||    10
Invok: Heroism           |       |       |     2 |    22 |    20 |    23 ||    67
       Finesse           |       |       |       |       |     2 |     2 ||     4
Evoke: Wand              |       |       |       |       |    11 |     4 ||    15
  Use: Scroll            |       |    14 |     1 |    14 |    16 |    10 ||    55
       Potion            |       |       |     1 |     4 |     1 |     4 ||    10
 Stab: Invisible         |       |       |       |     3 |       |       ||     3
       Petrified         |       |       |       |       |     5 |       ||     5
       Held in net/web   |       |       |       |       |       |     1 ||     1
  Eat: Chunk             |       |     3 |    16 |    27 |    37 |    23 ||   106
       Royal jelly       |       |     1 |       |       |     3 |     5 ||     9
       Fruit             |       |       |       |       |       |     1 ||     1
Armor: Scale mail        |    33 |    59 |   111 |   184 |       |       ||   387
       Skin              |       |       |       |    14 |       |       ||    14
       Plate armour      |       |       |       |   322 |   785 |   637 ||  1744
Dodge: Dodged            |    16 |    37 |    83 |   342 |   512 |   688 ||  1678
Block: Shield            |    45 |    59 |   147 |   452 |       |       ||   703
       Buckler           |       |       |       |       |    25 |   387 ||   412
       Rpst.: Long sword |     6 |    11 |     7 |       |    23 |    22 ||    69
       Falchion          |       |       |    23 |    46 |       |       ||    69
       Great sword       |       |       |       |    23 |    80 |       ||   103
       Double sword      |       |       |       |       |       |    75 ||    75

Table legend:
 A = Spawn XP
 B = Non-spawn XP
 C = Spawn XP percentage of total XP
 D = Spawn monster count
 E = Non-spawn monster count
 F = Spawn count percentage of total count
 G = Total turns spent on level
                    A         B        C        D         E        F      G
               +---------+---------+-------+---------+---------+-------+---------
         Total |       0 |  286369 |   0.0 |       0 |    1115 |   0.0 | 38536
               +---------+---------+-------+---------+---------+-------+---------
           D:1 |       0 |      26 |   0.0 |       0 |      16 |   0.0 |   642
           D:2 |       0 |      82 |   0.0 |       0 |      27 |   0.0 |   581
           D:3 |       0 |     299 |   0.0 |       0 |      17 |   0.0 |   864
           D:4 |       0 |     580 |   0.0 |       0 |      20 |   0.0 |  1139
           D:5 |       0 |    1008 |   0.0 |       0 |      23 |   0.0 |  1252
           D:6 |       0 |    1090 |   0.0 |       0 |      23 |   0.0 |   848
           D:7 |       0 |     802 |   0.0 |       0 |      23 |   0.0 |  1174
           D:8 |       0 |    3753 |   0.0 |       0 |      60 |   0.0 |  1269
           D:9 |       0 |    3750 |   0.0 |       0 |      60 |   0.0 |  1651
          D:10 |       0 |    4090 |   0.0 |       0 |      37 |   0.0 |  2010
          D:11 |       0 |    4335 |   0.0 |       0 |      27 |   0.0 |  1415
          D:12 |       0 |    6375 |   0.0 |       0 |      49 |   0.0 |   589
          D:13 |       0 |    5128 |   0.0 |       0 |      38 |   0.0 |   554
          D:14 |       0 |   13811 |   0.0 |       0 |      41 |   0.0 |   947
          D:15 |       0 |   20978 |   0.0 |       0 |      54 |   0.0 |  1501
        Lair:1 |       0 |    5711 |   0.0 |       0 |      23 |   0.0 |   998
        Lair:2 |       0 |    5528 |   0.0 |       0 |      21 |   0.0 |   857
        Lair:3 |       0 |    3630 |   0.0 |       0 |      30 |   0.0 |   835
        Lair:4 |       0 |    5201 |   0.0 |       0 |      20 |   0.0 |  1210
        Lair:5 |       0 |   10397 |   0.0 |       0 |      35 |   0.0 |  1604
        Lair:6 |       0 |   18893 |   0.0 |       0 |      43 |   0.0 |  1335
      Shoals:1 |       0 |    7091 |   0.0 |       0 |      11 |   0.0 |  1078
      Shoals:2 |       0 |   25840 |   0.0 |       0 |      44 |   0.0 |  1730
      Shoals:3 |       0 |   24765 |   0.0 |       0 |      36 |   0.0 |  1993
      Shoals:4 |       0 |    4939 |   0.0 |       0 |      11 |   0.0 |    85
      Spider:1 |       0 |    8330 |   0.0 |       0 |      17 |   0.0 |   616
      Spider:2 |       0 |    8849 |   0.0 |       0 |      14 |   0.0 |   959
      Spider:3 |       0 |   28027 |   0.0 |       0 |      49 |   0.0 |  1813
      Spider:4 |       0 |   33585 |   0.0 |       0 |      55 |   0.0 |  1885
         Orc:1 |       0 |    7074 |   0.0 |       0 |      35 |   0.0 |  1162
         Orc:2 |       0 |   11082 |   0.0 |       0 |      80 |   0.0 |  1213
           Lab |       0 |    1051 |   0.0 |       0 |       1 |   0.0 |   478
       Ossuary |       0 |     225 |   0.0 |       0 |      39 |   0.0 |   411
         IceCv |       0 |   10044 |   0.0 |       0 |      36 |   0.0 |  1515
               +---------+---------+-------+---------+---------+-------+---------
